cohdb
Replays
Latest Replays
All Replays
Popular Replays
Top Player Replays
Match Explorer
How It Works
Community
CoH3 Stats
Reddit
Sign in to upload your games and track your stats! →
Sign in with Steam
Match 35361246
Unlisted
Match 35361246
Overview
Messages
Build Orders
End
Royal Engineer Section
Construct Section Command Post
Selects Indian Artillery Battlegroup
Infantry Section
Infantry Section
Selects Towed ML 4.2-inch Heavy Mortar
Towed ML 4.2-inch Heavy Mortar
Construct Platoon Command Post
6-pounder Anti-tank Gun Team
Selects Off-map Airburst Barrage
Construct Company Command Post
Selects BL5.5 Artillery Emplacement
Foot Guards Section
Crusader II Medium Tank
Selects Valour
Selects Gurkha Rifles Section
Crusader II Medium Tank
theawsomguy
SofisticatedSeal
0
0
Comments
sign in to comment!
No comments posted yet!